 Dungeon Crawl Stone Soup version 0.16-a0-3684-g951c262 (webtiles) character file.

7380 EdwardR the Cleaver (level 10, -5/90 HPs)
             Began as a Minotaur Fighter on Jan 18, 2015.
             Was an Initiate of the Shining One.
             Slain by a 13-headed hydra (10 damage)
             ... on level 9 of the Dungeon.
             The game lasted 00:20:30 (9032 turns).

EdwardR the Cleaver (Minotaur Fighter)              Turns: 9032, Time: 00:20:30

Health: -5/90      AC: 18    Str: 29    XL:     10   Next: 92%
Magic:  4/4        EV: 12    Int:  5    God:    the Shining One [......]
Gold:   210        SH: 12    Dex: 10    Spells: 0 memorised, 9 levels left

rFire  . . .     SeeInvis .     o - +3 hand axe (elec)
rCold  . . .     Clarity  .     b - +0 scale mail (curse)
rNeg   + . .     SustAb   .     c - +0 shield (curse)
rPois  x         Gourm    .     H - +0 hat {MR+}
rElec  +         Spirit   .     G - +1 cloak
rCorr  .         Warding  .     (no gloves)
rMut   .         Stasis   .     k - +5 pair of boots of Unreason {rElec rPois- Str+5}
MR     +....                    (no amulet)
Stlth  ..........               E - ring of positive energy
                                i - +1 ring of protection

@: somewhat resistant to hostile enchantments, extremely unstealthy
A: retaliatory headbutt, horns 2
a: Renounce Religion


You were on level 9 of the Dungeon.
You worshipped the Shining One.
The Shining One was noncommittal.
You were full.

You visited 2 branches of the dungeon, and saw 10 of its levels.
You also visited: Sewer.

You collected 529 gold pieces.
You spent 319 gold pieces at shops.

Inventory:

Hand weapons
 a - a cursed +0 war axe
 o - a +3 hand axe of electrocution (weapon)
Armour
 b - a cursed +0 scale mail (worn)
 c - a cursed +0 shield (worn)
 k - the +5 pair of boots of Unreason (worn) {rElec rPois- Str+5}
   (You found it on level 4 of the Dungeon)

   It affects your strength (+5).
   It insulates you from electricity.
   It protects you from poison.
 G - a +1 cloak (worn)
 H - a +0 hat of magic resistance (worn)
Jewellery
 f - an uncursed ring of wizardry
 i - a +1 ring of protection (left hand)
 E - a ring of positive energy (right hand)
Magical devices
 L - a wand of digging (14)
Scrolls
 e - a scroll of fog
 j - 3 scrolls of remove curse
 q - a scroll of blinking
 w - 2 scrolls of enchant armour
 x - a scroll of magic mapping
 y - 2 scrolls of amnesia
 A - a scroll of random uselessness
 B - a scroll of vulnerability
 M - a scroll of torment
Potions
 l - a potion of brilliance {unknown}
 m - a potion of haste
 s - 2 potions of curing
 t - a potion of cancellation {unknown}
 u - a potion of beneficial mutation {unknown}
 v - a potion of berserk rage {unknown}
 z - a potion of poison {unknown}
 C - a potion of agility
 D - a potion of restore abilities {unknown}
Books
 r - a book of Frost

   Spells                             Type                      Level
   a - Freeze                         Ice                          1
   b - Throw Frost                    Conjuration/Ice              2
   c - Ozocubu's Armour               Charms/Ice                   3
   d - Throw Icicle                   Conjuration/Ice              4
   e - Summon Ice Beast               Ice/Summoning                4
   f - Condensation Shield            Ice                          4
 I - a book of Enchantments

   Spells                             Type                      Level
   a - Tukima's Dance                 Hexes                        3
   b - Cause Fear                     Hexes                        4
   c - Silence                        Hexes/Air                    5
   d - Deflect Missiles               Charms/Air                   6
   e - Haste                          Charms                       6
   f - Discord                        Hexes                        8
Comestibles
 d - 6 bread rations
 g - 3 meat rations
 h - a royal jelly
 n - 9 slices of pizza
 p - 6 beef jerkies
 K - 4 fruits


   Skills:
 + Level 8.9 Fighting
 + Level 10.5 Axes
 + Level 8.5 Armour
 + Level 8.4 Dodging
 + Level 1.5 Stealth
 + Level 9.8 Shields


You had 9 spell levels left.
You didn't know any spells.

Dungeon Overview and Level Annotations

Branches:
Dungeon (9/15)             Temple (1/1) D:5
   Lair: D:8-11         Orc: D:9-12

Altars:
Ashenzari
Cheibriados
Dithmenos
Elyvilon
Fedhas
Gozag
Kikubaaqudgha
Makhleb
Nemelex Xobeh
Okawaru
Qazlal
Ru
Sif Muna
Trog
Vehumet
Xom
Yredelemnul
Zin
The Shining One

Shops:
D:4 ?   D:5 }   D:7 *!:


Innate Abilities, Weirdness & Mutations

You reflexively headbutt those who attack you in melee.
You have a pair of horns on your head.


Message History

The 12-headed hydra barely misses you. The 12-headed hydra bites you!
The 12-headed hydra bites you!
* * * LOW HITPOINT WARNING * * *
The 12-headed hydra bites you.
* * * LOW HITPOINT WARNING * * *
The 12-headed hydra barely misses you. You block the 12-headed hydra's attack.
The 12-headed hydra closely misses you. You block the 12-headed hydra's attack.
The 12-headed hydra bites you.
* * * LOW HITPOINT WARNING * * *
The 12-headed hydra bites you but does no damage. x2
The 12-headed hydra closely misses you.
You lop one of the 12-headed hydra's heads off!
The 11-headed hydra grows two more!
You slash the 13-headed hydra! You headbutt the 13-headed hydra!
The 13-headed hydra is heavily wounded.
The 13-headed hydra bites you!
* * * LOW HITPOINT WARNING * * *
The 13-headed hydra bites you but does no damage.
The 13-headed hydra closely misses you. The 13-headed hydra bites you!
You die...

#.......'....#####
#.......#....# #
#.<.....#....# #
#.......#....# #
#.......#....#####
#.......#......... .
#.......#.........
.....###.......#.........
.>.....D@......## ####...
.................. ####
5...............
................
....<...#####'## ...(...#
.. ......# #..... ... ..#


You could see a 13-headed hydra and a crimson imp (wandering).

Vanquished Creatures
  Gastronok (D:8)
  Erolcha (D:8)
  The ghost of UristMcMason the Magician, an experienced DEEE (D:4)
  A troll (D:9)
  A wraith (D:7)
  A hungry ghost (D:7)
  A hippogriff (D:8)
  A human (D:8)
  Edmund (D:6)
  Menkaure (D:4)
  A water moccasin (D:8)
  3 ice beasts
  A phantom (D:6)
  3 sky beasts
  6 ogres
  6 centaurs
  2 big kobolds
  5 giant frogs
  An elf skeleton (D:7)
  3 scorpions
  A water moccasin zombie (D:5)
  9 killer bees
  A wight (D:7)
  A goliath beetle (D:6)
  5 crimson imps
  3 jellies
  6 human zombies (D:7)
  Crazy Yiuf (D:4)
  A centaur skeleton (D:8)
  5 orc priests
  A giant frog skeleton (D:6)
  6 worker ants
  4 hounds
  4 orc wizards
  4 sheep (D:8)
  An iguana (D:4)
  An ogre zombie (D:7)
  A hound skeleton (D:4)
  2 mummies (D:7)
  3 worker ant zombies
  4 gnolls (D:8)
  10 adders
  A shadow imp (D:6)
  2 giant mites
  2 worms
  2 adder skeletons
  An adder zombie (D:5)
  6 giant geckos
  37 orcs
  16 bats
  2 bat skeletons
  2 bat zombies (D:5)
  16 goblins
  16 hobgoblins
  4 quokkas
  A ball python (Sewer)
  10 giant cockroaches
  3 giant newts
  10 jackals
  22 kobolds
  20 rats
  A ballistomycete (D:7)
289 creatures vanquished.

Vanquished Creatures (others)
  An adder (D:2)
  A giant spore (D:7)
2 creatures vanquished.

Grand Total: 291 creatures vanquished

Notes
Turn   | Place    | Note
--------------------------------------------------------------
     0 | D:1      | EdwardR, the Minotaur Fighter, began the quest for the Orb.
     0 | D:1      | Reached XP level 1. HP: 19/19 MP: 1/1
    79 | D:1      | Reached XP level 2. HP: 27/27 MP: 1/1
   104 | D:1      | Reached skill level 4 in Shields
   610 | D:2      | Reached XP level 3. HP: 29/33 MP: 2/2
   943 | D:2      | Found a sparkling altar of Nemelex Xobeh.
  1133 | D:2      | Reached XP level 4. HP: 36/40 MP: 2/2
  1291 | D:2      | Found a sacrificial altar of Ru.
  1576 | D:3      | Reached skill level 1 in Dodging
  1847 | D:3      | Reached XP level 5. HP: 42/46 MP: 2/2
  2083 | D:3      | Reached skill level 5 in Shields
  2091 | D:3      | Found a deep blue altar of Sif Muna.
  2091 | D:3      | Found an ancient bone altar of Kikubaaqudgha.
  2406 | D:4      | Found a snail-covered altar of Cheibriados.
  2431 | D:4      | Got a pair of jewelled boots
  2437 | D:4      | Identified the +5 pair of boots of Unreason {rElec rPois- Str+5} (You found it on level 4 of the Dungeon)
  2438 | D:4      | Noticed UristMcMason's ghost (experienced DEEE)
  2447 | D:4      | Killed UristMcMason's ghost
  2447 | D:4      | Reached skill level 5 in Axes
  2447 | D:4      | Reached skill level 5 in Armour
  2447 | D:4      | Reached XP level 6. HP: 50/55 MP: 3/3
  2548 | D:4      | Noticed a sky beast
  2555 | D:4      | Reached skill level 5 in Fighting
  2555 | D:4      | Reached XP level 7. HP: 46/61 MP: 3/3
  2561 | D:4      | Killed a sky beast
  2596 | D:4      | Found a white marble altar of Elyvilon.
  2638 | D:4      | Found a shimmering altar of Xom.
  2807 | D:4      | Found Ogizxic's Magic Scroll Shop.
  2823 | D:4      | Bought a scroll of enchant weapon for 82 gold pieces
  2823 | D:4      | Bought a scroll of enchant armour for 82 gold pieces
  2967 | D:4      | Noticed Menkaure
  2976 | D:4      | HP: 3/61 [Menkaure (11)]
  2978 | D:4      | Reached skill level 6 in Axes
  2982 | D:4      | Killed Menkaure
  2994 | D:4      | Reached XP level 8. HP: 16/68 MP: 3/3
  3392 | D:4      | Noticed Crazy Yiuf
  3399 | D:4      | Killed Crazy Yiuf
  3434 | D:5      | Entered Level 5 of the Dungeon
  3483 | D:5      | Found Numelai's Gadget Emporium.
  3580 | D:5      | Reached skill level 7 in Axes
  3918 | D:5      | Found a staircase to the Ecumenical Temple.
  3930 | D:5      | Reached skill level 5 in Dodging
  4058 | D:5      | Found a glowing drain.
  4064 | Sewer    | Entered a sewer
  4317 | Temple   | Entered the Ecumenical Temple
  4527 | D:6      | Reached XP level 9. HP: 74/78 MP: 4/4
  5004 | D:6      | Noticed Edmund
  5021 | D:6      | Killed Edmund
  5024 | D:6      | Reached skill level 1 in Stealth
  5094 | D:6      | Reached skill level 8 in Axes
  5520 | D:7      | Found Weqik's Book Emporium.
  6081 | D:7      | Found Pruonnuu's Assorted Antiques.
  6136 | D:7      | Found Panu's Distillery.
  6138 | D:7      | Bought an encrusted copper ring for 155 gold pieces
  6229 | D:7      | Found a shadowy altar of Dithmenos.
  6477 | D:7      | Found a glowing golden altar of the Shining One.
  6596 | D:7      | Found a blossoming altar of Fedhas.
  6745 | D:7      | Found a basalt altar of Yredelemnul.
  6967 | D:7      | Reached skill level 9 in Axes
  7015 | D:7      | Reached XP level 10. HP: 77/88 MP: 4/4
  7402 | D:8      | Noticed Gastronok
  7405 | D:8      | Noticed Erolcha
  7415 | D:8      | Killed Erolcha
  7418 | D:8      | Killed Gastronok
  7418 | D:8      | Reached skill level 10 in Axes
  7926 | D:8      | Found a radiant altar of Vehumet.
  8163 | D:7      | Became a worshipper of the Shining One
  8415 | D:9      | Noticed a seven-headed hydra
  8453 | D:9      | HP: 2/90 [seven-headed hydra (4)]
  9032 | D:9      | Slain by a 13-headed hydra

Action                   |  1- 3 |  4- 6 |  7- 9 | 10-12 || total
-------------------------+-------+-------+-------+-------++-------
Melee: War axe           |    48 |   144 |    40 |       ||   232
       Hand axe          |    13 |       |   299 |   123 ||   435
  Use: Scroll            |       |     5 |     7 |     5 ||    17
       Potion            |       |     1 |     2 |     4 ||     7
  Eat: Bread ration      |       |     2 |     2 |     1 ||     5
       Meat ration       |       |       |     1 |     1 ||     2
